BSA
BAFFIN ISLAND BEAVERS @ EL DORADO OILERS
09/15/2028
 
TOP OF THE 1ST
Baffin Island Beavers batting - Pitching for El Dorado Oilers : RHP Francisco Ríos
Pitching: RHP Francisco Ríos
Batting: RHB Tony Morton 0-0: Foul Ball, location: 2F
0-1: Ball
1-1: Swinging Strike
1-2: Ground out 5-3 (Groundball, 56)
Batting: LHB Norberto Muñóz 0-0: Bunt missed!
0-1: Ball
1-1: Reached on error, E7 (Flyball, 7)
Batting: LHB Chris Bates 0-0: Ball
1-0: Called Strike
1-1: Fielders Choice at 2nd, 3-6 (Groundball, 3)
Batting: RHB Dave Craig 0-0: Ball
1-0: Swinging Strike
1-1: Ball
2-1: Called Strike
2-2: Ground out 1-3 (Groundball, 15S)
Top of the 1st over - 0 run(s), 0 hit(s), 1 error(s), 1 left on base; Baffin Island 0 - El Dorado 0
BOTTOM OF THE 1ST
El Dorado Oilers batting - Pitching for Baffin Island Beavers : RHP Thierry Garneau
Pitching: RHP Thierry Garneau
Batting: RHB Nick Webb 0-0: Called Strike
0-1: Foul Ball, location: 2F
0-2: Ball
1-2: Ground out 5-3 (Groundball, 56)
Batting: LHB Ashley Pickhills 0-0: Ground out 4-3 (Groundball, 4)
Batting: LHB Tony Abete 0-0: Swinging Strike
0-1: Foul Ball, location: 2F
0-2: Foul Ball, location: 2F
0-2: Foul Ball, location: 2F
0-2: Strikes out swinging passed ball, reaches first!
Batting: RHB Valentín Borges 0-0: Called Strike
0-1: Called Strike
0-2: Ball
1-2: SINGLE (Flyball, 4MD)
Tony Abete to second
Runner from 2nd tries for 3rd, SAFE, throw made to third
Batting: LHB José Hernández 0-0: Ball
1-0: Foul Ball, location: 2F
1-1: SINGLE (Line Drive, 34)
Tony Abete scores
Valentín Borges to second
Batting: RHB Sixto Vélez 0-0: Fly out, F6 (Line Drive, 6)
Bottom of the 1st over - 1 run(s), 2 hit(s), 0 error(s), 2 left on base; Baffin Island 0 - El Dorado 1
TOP OF THE 2ND
Baffin Island Beavers batting - Pitching for El Dorado Oilers : RHP Francisco Ríos
Batting: LHB Lorenzo Villa 0-0: Foul Ball, location: 2F
0-1: Ground out 4-3 (Groundball, 34D)
Batting: SHB Alonso Ferreira 0-0: Ball
1-0: Called Strike
1-1: Ball
2-1: Ball
3-1: Foul Ball, location: 2F
3-2: Foul Ball, location: 2F
3-2: Foul Ball, location: 2F
3-2: SINGLE (Line Drive, 56)
Batting: RHB José Aguilera Pickoff Throw to First - Out!
0-0: Foul Ball, location: 2F
0-1: Foul Ball, location: 2F
0-2: Ball
1-2: Fly out, F3 (Line Drive, 3)
Top of the 2nd over - 0 run(s), 1 hit(s), 0 error(s), 0 left on base; Baffin Island 0 - El Dorado 1
BOTTOM OF THE 2ND
El Dorado Oilers batting - Pitching for Baffin Island Beavers : RHP Thierry Garneau
Batting: RHB José Carlos Caraballo 0-0: Ball
1-0: Called Strike
1-1: Ball
2-1: Fly out, F9 (Flyball, 9S)
Batting: RHB Chris Parker 0-0: Ball
1-0: Called Strike
1-1: Foul Ball, location: 2F
1-2: Ball
2-2: Foul Ball, location: 2F
2-2: SINGLE (Groundball, 6MD)
Batting: LHB José Martínez 0-0: Ball
1-0: Fly out, F7 (Flyball, 78M)
Batting: RHB Nick Webb 0-0: Ball
1-0: Called Strike
1-1: Swinging Strike
1-2: Ball
2-2: Fly out, F9 (Flyball, 9S)
Bottom of the 2nd over - 0 run(s), 1 hit(s), 0 error(s), 1 left on base; Baffin Island 0 - El Dorado 1
TOP OF THE 3RD
Baffin Island Beavers batting - Pitching for El Dorado Oilers : RHP Francisco Ríos
Batting: LHB Mike MacFadden 0-0: Ball
1-0: Foul Ball, location: 2F
1-1: Ball
2-1: Ground out 1-3 (Groundball, 15S)
Batting: RHB Alden Isenhood 0-0: Foul Ball, location: 2F
0-1: Called Strike
0-2: Ground out 6-3 (Groundball, 6)
Batting: RHB Tony Morton 0-0: Swinging Strike
0-1: Foul Ball, location: 2F
0-2: Ball
1-2: Ball
2-2: Ball
3-2: SINGLE (Groundball, 4MD)
Batting: LHB Norberto Muñóz 0-0: Called Strike
0-1: Ball
1-1: Called Strike
1-2: Fielders Choice at 2nd, 6-4 (Groundball, 6)
Top of the 3rd over - 0 run(s), 1 hit(s), 0 error(s), 0 left on base; Baffin Island 0 - El Dorado 1
BOTTOM OF THE 3RD
El Dorado Oilers batting - Pitching for Baffin Island Beavers : RHP Thierry Garneau
Batting: LHB Ashley Pickhills 0-0: Ground out 4-3 (Groundball, 4)
Batting: LHB Tony Abete 0-0: Called Strike
0-1: Ball
1-1: Ground out 4-3 (Groundball, 4)
Batting: RHB Valentín Borges 0-0: Called Strike
0-1: SINGLE (Line Drive, 8RS)
Batting: LHB José Hernández 0-0: Ball
1-0: Fly out, F7 (Flyball, 7S)
Bottom of the 3rd over - 0 run(s), 1 hit(s), 0 error(s), 1 left on base; Baffin Island 0 - El Dorado 1
TOP OF THE 4TH
Baffin Island Beavers batting - Pitching for El Dorado Oilers : RHP Francisco Ríos
Batting: LHB Chris Bates 0-0: Ball
1-0: Swinging Strike
1-1: Swinging Strike
1-2: Foul Ball, location: 2F
1-2: Ball
2-2: Foul Ball, location: 2F
2-2: Ball
3-2: Strikes out swinging
Batting: RHB Dave Craig 0-0: Ball
1-0: Ball
2-0: Foul Ball, location: 2F
2-1: Foul Ball, location: 2F
2-2: Foul Ball, location: 2F
2-2: Strikes out swinging
Batting: LHB Lorenzo Villa 0-0: Ball
1-0: Ball
2-0: Ball
3-0: Called Strike
3-1: Ground out 3-1 (Groundball, 34S)
Top of the 4th over - 0 run(s), 0 hit(s), 0 error(s), 0 left on base; Baffin Island 0 - El Dorado 1
BOTTOM OF THE 4TH
El Dorado Oilers batting - Pitching for Baffin Island Beavers : RHP Thierry Garneau
Batting: RHB Sixto Vélez 0-0: Called Strike
0-1: Ball
1-1: Foul Ball, location: 2F
1-2: Foul Ball, location: 2F
1-2: Ball
2-2: Foul Ball, location: 2F
2-2: Ball
3-2: Foul Ball, location: 2F
3-2: Base on Balls
Batting: RHB José Carlos Caraballo 0-0: Called Strike
0-1: Swinging Strike
0-2: Ball
1-2: Strikes out swinging
Batting: RHB Chris Parker 0-0: Ball
1-0: Swinging Strike
1-1: Reached on error, E6 (Groundball, 6)
Sixto Vélez to second
Batting: LHB José Martínez 0-0: Called Strike
0-1: SINGLE (Line Drive, 6)
Sixto Vélez to third
Chris Parker to second
Batting: RHB Nick Webb 0-0: Ball
1-0: Called Strike
1-1: Fly out, F9 (Flyball, 9LSF)
Runner from 3rd tags up, SCORES, no throw
Batting: LHB Ashley Pickhills 0-0: Swinging Strike
0-1: Ball
1-1: Ball
2-1: SINGLE (Line Drive, 6D)
Chris Parker to third
José Martínez to second
Runner from 3rd tries for Home, SAFE, no throw
Batting: LHB Tony Abete 0-0: Foul Ball, location: 2F
0-1: Foul Ball, location: 2F
0-2: Ball
1-2: Foul Ball, location: 2F
1-2: Ball
2-2: Strikes out swinging
Bottom of the 4th over - 2 run(s), 2 hit(s), 1 error(s), 2 left on base; Baffin Island 0 - El Dorado 3
TOP OF THE 5TH
Baffin Island Beavers batting - Pitching for El Dorado Oilers : RHP Francisco Ríos
Batting: SHB Alonso Ferreira 0-0: Ball
1-0: Ball
2-0: Foul Ball, location: 2F
2-1: SINGLE (Groundball, 6MD)
Batting: RHB José Aguilera 0-0: Called Strike
0-1: Grounds into double play, 5-4-3 (Groundball, 56)
Batting: LHB Mike MacFadden 0-0: Called Strike
0-1: Ball
1-1: SINGLE (Groundball, 34D)
Batting: RHB Alden Isenhood 0-0: Swinging Strike
0-1: Ball
1-1: Ball
2-1: Foul Ball, location: 2F
2-2: Fly out, F5 (Line Drive, 5S)
Top of the 5th over - 0 run(s), 2 hit(s), 0 error(s), 1 left on base; Baffin Island 0 - El Dorado 3
BOTTOM OF THE 5TH
El Dorado Oilers batting - Pitching for Baffin Island Beavers : RHP Thierry Garneau
Batting: RHB Valentín Borges 0-0: Foul Ball, location: 2F
0-1: Ball
1-1: Ground out 5-3 (Groundball, 56S)
Batting: LHB José Hernández 0-0: Called Strike
0-1: Foul Ball, location: 2F
0-2: Fly out, F9 (Flyball, 89D)
Batting: RHB Sixto Vélez 0-0: Ball
1-0: Foul Ball, location: 2F
1-1: Ground out 4-3 (Groundball, 4)
Bottom of the 5th over - 0 run(s), 0 hit(s), 0 error(s), 0 left on base; Baffin Island 0 - El Dorado 3
TOP OF THE 6TH
Baffin Island Beavers batting - Pitching for El Dorado Oilers : RHP Francisco Ríos
Batting: RHB Tony Morton 0-0: SINGLE (Groundball, 4MD)
Batting: LHB Norberto Muñóz 0-0: Ground out 3-1 (Groundball, 34S)
Tony Morton to second
Batting: LHB Chris Bates 0-0: Foul Ball, location: 2F
0-1: Ball
1-1: Ball
2-1: Ground out 4-3 (Groundball, 4)
Tony Morton to third
Batting: RHB Dave Craig 0-0: Called Strike
0-1: Foul Ball, location: 2F
0-2: Foul Ball, location: 2F
0-2: Ground out 6-3 (Groundball, 6M)
Top of the 6th over - 0 run(s), 1 hit(s), 0 error(s), 1 left on base; Baffin Island 0 - El Dorado 3
BOTTOM OF THE 6TH
El Dorado Oilers batting - Pitching for Baffin Island Beavers : RHP Thierry Garneau
Batting: RHB José Carlos Caraballo 0-0: Called Strike
0-1: Swinging Strike
0-2: Strikes out swinging
Batting: RHB Chris Parker 0-0: Called Strike
0-1: Ball
1-1: Ground out 6-3 (Groundball, 6)
Batting: LHB José Martínez 0-0: Foul Ball, location: 2F
0-1: Ground out 6-3 (Groundball, 6)
Bottom of the 6th over - 0 run(s), 0 hit(s), 0 error(s), 0 left on base; Baffin Island 0 - El Dorado 3
TOP OF THE 7TH
Baffin Island Beavers batting - Pitching for El Dorado Oilers : RHP Francisco Ríos
Batting: LHB Lorenzo Villa 0-0: Ball
1-0: SINGLE (Line Drive, 78S)
Batting: SHB Alonso Ferreira 0-0: Ball
1-0: Fly out, F8 (Line Drive, 78M)
Batting: RHB José Aguilera 0-0: Swinging Strike
0-1: Ball
1-1: Ball
2-1: Ground out 4-3 (Groundball, 34)
Lorenzo Villa to second
Pitching: RHP Craig Draper
Batting: LHB Mike MacFadden 0-0: Ball
1-0: Fly out, F6 (Line Drive, 6)
Top of the 7th over - 0 run(s), 1 hit(s), 0 error(s), 1 left on base; Baffin Island 0 - El Dorado 3
BOTTOM OF THE 7TH
El Dorado Oilers batting - Pitching for Baffin Island Beavers : RHP Thierry Garneau
Pitching: RHP Colm Stewart
Batting: RHB Nick Webb 0-0: Swinging Strike
0-1: Foul Ball, location: 2F
0-2: Ball
1-2: Strikes out looking
Batting: LHB Ashley Pickhills 0-0: Ball
1-0: Called Strike
1-1: Fly out, F9 (Flyball, 9S)
Batting: LHB Tony Abete 0-0: Fly out, F7 (Flyball, 7S)
Bottom of the 7th over - 0 run(s), 0 hit(s), 0 error(s), 0 left on base; Baffin Island 0 - El Dorado 3
TOP OF THE 8TH
Baffin Island Beavers batting - Pitching for El Dorado Oilers : RHP Craig Draper
Batting: RHB Alden Isenhood 0-0: Ball
1-0: Called Strike
1-1: SINGLE (Flyball, 89S)
Pitching: RHP Rick Grant
Batting: RHB Tony Morton 0-0: Ball
1-0: Foul Ball, location: 2F
1-1: TRIPLE (Line Drive, 8RD)
Alden Isenhood scores
Batting: LHB Norberto Muñóz 0-0: Ball
1-0: Ball
2-0: Foul Ball, location: 2F
2-1: Ball
3-1: Swinging Strike
3-2: Strikes out looking
Batting: LHB Chris Bates 0-0: Ball
1-0: Ball
2-0: Ball
3-0: Base on Balls
Batting: RHB Dave Craig 0-0: Called Strike
0-1: Ball
1-1: Swinging Strike
1-2: Ball
2-2: Ball
3-2: Reached via error on a dropped throw, E6
Tony Morton scores
Chris Bates to second
Batting: LHB Lorenzo Villa 0-0: Ball
1-0: Ball
2-0: Called Strike
2-1: Foul Ball, location: 2F
2-2: Ball
3-2: Foul Ball, location: 2F
3-2: DOUBLE (Line Drive, 8RXD)
Chris Bates scores
Dave Craig to third
Runner from 3rd tries for Home, SAFE, throw made home
Batting: SHB Alonso Ferreira 0-0: Intentional Walk
Pitching: RHP César López
Batting: RHB José Aguilera 0-0: Ball
1-0: Called Strike
1-1: Grounds into double play, 4-6-3 (Groundball, 4)
Top of the 8th over - 4 run(s), 3 hit(s), 1 error(s), 1 left on base; Baffin Island 4 - El Dorado 3
BOTTOM OF THE 8TH
El Dorado Oilers batting - Pitching for Baffin Island Beavers : RHP Colm Stewart
Now at 1B: Ángelo García
Batting: RHB Valentín Borges 0-0: Called Strike
0-1: Called Strike
0-2: Ball
1-2: Ball
2-2: Ground out U3 (Groundball, 3)
Pitching: LHP Tom Miller
Batting: LHB José Hernández 0-0: Ball
1-0: Called Strike
1-1: Ground out 4-3 (Groundball, 4M)
Pitching: LHP Jaime Guzmán
Batting: RHB Sixto Vélez 0-0: Ball
1-0: Called Strike
1-1: Called Strike
1-2: Ground out 5-3 (Groundball, 56S)
Bottom of the 8th over - 0 run(s), 0 hit(s), 0 error(s), 0 left on base; Baffin Island 4 - El Dorado 3
TOP OF THE 9TH
Baffin Island Beavers batting - Pitching for El Dorado Oilers : RHP César López
Batting: LHB Mike MacFadden 0-0: Ground out 6-3 (Groundball, 6M)
Batting: RHB Alden Isenhood 0-0: Ball
1-0: SINGLE (Groundball, 3D)
Batting: RHB Tony Morton 0-0: Ball
1-0: Called Strike
1-1: Ball
2-1: Called Strike
2-2: Foul Ball, location: 2F
2-2: Ball
3-2: Foul Ball, location: 2F
3-2: Foul Ball, location: 2F
3-2: Base on Balls
Alden Isenhood to second
Batting: LHB Norberto Muñóz 0-0: Ball
1-0: Ball
2-0: Called Strike
2-1: Swinging Strike
2-2: Ball
3-2: Base on Balls
Alden Isenhood to third
Tony Morton to second
Batting: LHB Chris Bates 0-0: Ball
1-0: Ball
2-0: Ball
3-0: Called Strike
3-1: Base on Balls
Alden Isenhood scores
Tony Morton to third
Norberto Muñóz to second
Batting: RHB Dave Craig 0-0: SINGLE (Groundball, 6MD)
Tony Morton scores
Norberto Muñóz to third
Chris Bates to second
Runner from 3rd tries for Home, SAFE, no throw
Pitching: RHP Pete Cook
Batting: RHB Ángelo García 0-0: Ball
1-0: Ball
2-0: Called Strike
2-1: SINGLE (Line Drive, 89M)
Chris Bates to third
Dave Craig to second
Batting: SHB Alonso Ferreira 0-0: Ball
1-0: Called Strike
1-1: Ball
2-1: Foul Ball, location: 2F
2-2: Ball
3-2: Strikes out swinging
Batting: RHB José Aguilera 0-0: Ground out 5-3 (Groundball, 5S)
Top of the 9th over - 3 run(s), 3 hit(s), 0 error(s), 3 left on base; Baffin Island 7 - El Dorado 3
BOTTOM OF THE 9TH
El Dorado Oilers batting - Pitching for Baffin Island Beavers : LHP Jaime Guzmán
Batting: RHB José Carlos Caraballo 0-0: Reached on error, E6 (Groundball, 6)
Batting: RHB Chris Parker 0-0: Foul Ball, location: 2F
0-1: Called Strike
0-2: Foul Ball, location: 2F
0-2: Ball
1-2: Ball
2-2: Grounds into double play, 4-6-3 (Groundball, 4)
Batting: LHB José Martínez 0-0: Ball
1-0: SINGLE (Groundball, 5D)
Batting: RHB Nick Webb 0-0: Ball
1-0: Ball
2-0: Ball
3-0: Base on Balls
José Martínez to second
Pitching: LHP Brent Miller
Batting: LHB Ashley Pickhills 0-0: Ball
1-0: Fly out, F7 (Line Drive, 7)
Bottom of the 9th over - 0 run(s), 1 hit(s), 1 error(s), 2 left on base; Baffin Island 7 - El Dorado 3
Tuesday, August 8th, 2017 - OOTP Baseball 17.12 Build 75